Map: Dreamcatcher LE

Players

Antis

  • Race: Zerg Zerg
  • League: Master
  • Spawn Location: 5:00

IIIIIIIIIIII - Winner!

  • Race: Protoss Protoss
  • League: Master
  • Spawn Location: 11:00

VOD

Have the link to the VOD?

Description

Time

  • Played on: Nov. 17, 2018, 5:58 p.m.
  • Length: 12:37
Show
View Real Time Build Order
Export as new Build Order

Antis Zerg 

Build Orders: Pool First 

Get SALT Encoding   

  12  0:01  Drone  
  13  0:12  Overlord  
  13  0:17  Drone  
  14  0:31  Drone x2  
  16  0:40  Spawning Pool  
  15  0:44  Drone  
  15  0:48  Drone  
  17  1:08  Hatchery  
  16  1:13  Drone  
  17  1:27  Zergling x4  
  17  1:28  Zergling x2  
  17  1:30  Queen  
  17  1:32  Extractor  
  21  1:38  Drone  
  22  1:50  Overlord  
  22  2:08  Queen  
  24  2:12  Drone x2  
  26  2:21  Queen  
  28  2:23  Zergling x4  
  30  2:34  Zergling x4  
  30  2:36  Metabolic Boost  
  32  2:40  Overlord  
  32  2:42  Zergling x2  
  32  2:54  Zergling x4  
  32  2:55  Drone x2  
  30  2:59  Drone  
  29  3:06  Drone  
  29  3:09  Drone  
  31  3:14  Drone  
  31  3:19  Drone x3  
  35  3:26  Drone x2  
  37  3:37  Overlord  
  37  3:46  Drone x2  
  36  4:02  Hatchery  
  34  4:03  Drone x3  
  34  4:05  Drone  
  34  4:09  Drone x2  
  40  4:18  Drone x3  
  40  4:22  Evolution Chamber  
  40  4:23  Drone  
  43  4:29  Overlord  
  43  4:36  Spore Crawler  
  43  4:37  Drone  
  43  4:41  Overlord  
  43  4:47  Drone x5  
  43  4:48  Drone  
  43  4:51  Zerg Melee Weapons Level 1  
  49  4:53  Spore Crawler  
  49  4:56  Overlord  
  48  5:05  Zergling x2  
  48  5:06  Zergling x8  
  53  5:16  Zergling x10  
  53  5:19  Queen  
  60  5:24  Overlord  
  60  5:25  Drone x2  
  62  5:35  Drone x4  
  62  5:37  Drone  
  62  5:41  Drone x2  
  62  5:42  Drone x2  
  71  5:51  Drone x3  
  74  6:00  Drone x2  
  74  6:08  Zergling x2  
  74  6:09  Zergling x12  
  74  6:10  Drone  
  70  6:17  Overlord, Spore Crawler  
  64  6:20  Extractor x2, Drone x4  
  64  6:22  Roach Warren  
  65  6:27  Baneling Nest  
  65  6:29  Drone x3  
  68  6:37  Hatchery  
  68  6:38  Drone  
  68  6:40  Drone x2  
  68  6:46  Lair  
  70  6:47  Drone x7  
  70  6:53  Drone x3  
  80  7:00  Overlord  
  79  7:06  Drone x2  
  79  7:07  Drone  
  77  7:12  Roach Warren, Extractor  
  77  7:13  Extractor  
  69  7:19  Drone x3  
  69  7:20  Drone x3  
  73  7:26  Zergling x2  
  73  7:27  Zergling x12  
  73  7:28  Baneling  
  73  7:29  Baneling x5  
  80  7:34  Overlord  
  80  7:43  Overlord  
  80  7:46  Overseer  
  80  7:54  Roach  
  80  7:55  Roach x4  
  80  7:56  Drone x4  
  80  7:57  Zerg Melee Weapons Level 2, Drone x2  
  96  8:01  Queen  
  98  8:13  Centrifical Hooks  
  98  8:16  Extractor, Ravager x2  
  98  8:17  Ravager x3  
  98  8:18  Zergling x16  
  98  8:19  Spore Crawler  
  109  8:24  Overlord  
  109  8:26  Drone x4  
  113  8:33  Overlord  
  113  8:38  Drone x6  
  119  8:45  Drone x6  
  124  8:51  Hatchery  
  122  8:58  Zergling x2  
  122  8:59  Zergling x10  
  121  9:12  Zergling x8  
  121  9:14  Zergling x2  
  121  9:15  Zergling x10  
  130  9:20  Hydralisk Den  
  130  9:22  Zergling x2  
  130  9:23  Zergling x10  
  134  9:24  Zergling x2  
  134  9:27  Zergling x2  
  126  9:31  Zergling x2  
  126  9:32  Zergling x2  
  126  9:33  Zergling x4  
  122  9:47  Zergling x6, Queen  
  122  9:49  Muscular Augments  
  122  9:50  Overlord x4  
  122  9:51  Overlord x4  
  127  10:01  Baneling x8  
  127  10:05  Overseer  
  127  10:06  Overlord  
  127  10:08  Spine Crawler  
  127  10:12  Hatchery  
  125  10:24  Zergling x32  
  125  10:25  Zergling x6  
  136  10:36  Hydralisk x5  
  136  10:37  Hydralisk x3  
  147  10:42  Hydralisk  
  147  10:43  Hydralisk  
  147  10:44  Hydralisk  
  134  10:53  Hydralisk x3  
  134  10:54  Hydralisk  
  131  11:03  Drone  
  131  11:04  Drone x8  
  119  11:21  Zergling x2  
  119  11:23  Zergling x24  
  119  11:27  Hydralisk x2  
  113  11:34  Zergling x4  
  113  11:38  Queen  
  117  11:42  Baneling x2  
  117  11:43  Baneling x2  
  117  11:44  Zergling x2  
  117  11:45  Zergling x10  
  123  11:48  Infestation Pit  
  117  11:56  Zergling x14  
  121  12:02  Lurker Den  
  121  12:04  Baneling x16  
  120  12:15  Zergling x20  
  124  12:16  Zergling x2  
Show
View Real Time Build Order
Export as new Build Order

IIIIIIIIIIII Protoss - Winner!

Build Orders: 1 Gate Expand 

Get SALT Encoding   

  12  0:00  Probe  
  13  0:12  Probe  
  14  0:18  Pylon  
  14  0:24  Probe  
  15  0:32  Probe  
  15  0:38  Gateway  
  15  0:41  Probe  
  17  0:51  Probe  
  17  0:53  Assimilator  
  18  1:03  Probe  
  19  1:05  Gateway  
  19  1:25  Cybernetics Core  
  19  1:39  Nexus  
  19  1:46  Pylon  
  19  1:48  Probe  
  20  1:54  Adept  
  20  1:55  Adept  
  20  2:08  Assimilator  
  24  2:10  Probe  
  25  2:19  Adept  
  25  2:21  Adept  
  29  2:29  Probe  
  30  2:41  Probe  
  31  2:53  Probe  
  31  2:57  Probe  
  33  3:03  Pylon  
  33  3:04  Stalker, Warp Gate, Probe  
  32  3:06  Probe  
  32  3:12  Pylon, Probe  
  33  3:14  Probe  
  35  3:20  Probe  
  35  3:24  Twilight Council, Probe  
  37  3:31  Sentry  
  37  3:32  Probe  
  40  3:41  Probe  
  41  3:45  Probe  
  41  3:47  Gateway  
  42  3:50  Pylon  
  40  4:03  Probe  
  40  4:04  Probe  
  40  4:07  Dark Shrine  
  40  4:08  Charge  
  42  4:11  Shield Battery, Probe  
  42  4:12  Probe  
  44  4:17  Pylon  
  44  4:20  Probe x2  
  45  4:25  Assimilator  
  45  4:27  Assimilator  
  46  4:31  Probe  
  46  4:32  Probe  
  46  4:35  Pylon  
  48  4:43  Probe  
  48  4:44  Probe  
  50  4:55  Probe  
  50  4:57  Probe  
  52  5:06  Zealot x2  
  52  5:07  Zealot, Probe  
  58  5:08  Pylon  
  59  5:23  Nexus  
  59  5:24  Pylon  
  59  5:29  Dark Templar x2  
  59  5:30  Dark Templar  
  65  5:43  Probe  
  65  5:44  Probe  
  67  5:50  Robotics Facility, Shield Battery  
  67  5:53  Pylon  
  67  6:02  Zealot, Dark Templar  
  67  6:03  Zealot  
  67  6:04  Probe  
  66  6:10  Probe  
  63  6:13  Pylon  
  63  6:16  Probe  
  58  6:22  Probe  
  59  6:26  Gateway  
  59  6:27  Gateway  
  59  6:28  Probe, Sentry x2  
  59  6:29  Gateway  
  59  6:30  Forge  
  59  6:31  Probe  
  59  6:32  Immortal  
  64  6:33  Pylon  
  64  6:36  Sentry  
  64  6:37  Probe  
  64  6:38  Probe  
  64  6:39  Probe  
  68  6:46  Probe  
  74  6:48  Probe  
  74  6:49  Probe  
  74  6:50  Blink  
  77  6:54  Probe, Sentry  
  77  6:55  Sentry  
  77  7:00  Probe  
  83  7:01  Probe  
  83  7:05  Zealot  
  83  7:08  Probe  
  85  7:15  Probe x2  
  87  7:19  Protoss Ground Weapons Level 1  
  87  7:20  Probe  
  87  7:22  Immortal  
  90  7:25  Assimilator  
  90  7:27  Probe x2  
  90  7:29  Assimilator  
  92  7:33  Pylon, Probe, Photon Cannon  
  93  7:39  Probe x2  
  95  7:48  Robotics Bay  
  95  7:57  Gateway  
  95  7:58  Pylon  
  95  8:01  Pylon  
  95  8:02  Stalker x5  
  105  8:09  Robotics Facility  
  105  8:20  Gateway  
  105  8:24  Photon Cannon  
  105  8:25  Dark Templar  
  107  8:28  Warp Prism  
  107  8:32  Nexus  
  108  9:02  Stalker x7  
  120  9:03  Disruptor  
  120  9:04  Disruptor  
  120  9:20  Pylon  
  114  9:32  Disruptor x2  
  98  9:43  Stalker  
  98  9:44  Stalker x7, Protoss Ground Weapons Level 2  
  120  9:50  Photon Cannon  
  120  9:51  Pylon, Photon Cannon  
  120  9:52  Shield Battery  
  120  9:53  Pylon  
  120  9:55  Pylon  
  120  10:02  Assimilator  
  120  10:04  Disruptor  
  120  10:05  Disruptor  
  120  10:06  Assimilator  
  120  10:07  Stalker  
  120  10:08  Stalker x4  
  136  10:21  Zealot x3  
  142  10:31  Zealot x5  
  142  10:40  Zealot x5  
  138  10:54  Disruptor x2  
  138  10:56  Zealot  
  140  10:57  Zealot x2  
  140  11:09  Zealot x5  
  122  11:30  Disruptor x2  
  128  11:37  Stargate  
  128  11:40  Stalker x2  
  128  11:41  Stalker x6  
  144  12:06  Zealot x8  
  166  12:27  Zealot x7  
  166  12:28  Zealot  
Tags
 
Add a new tag
Caveats
  • Supply blocks, unpowered buildings, or Contaminate may cause inaccurate times.
  • Supply counts are checked every 10 seconds.